CorruptionSegfaultFreeze, neutral female scurrid Tourist }}}}}}}}}}}}}}}}}}}} }} }}}}}}}}}}}}}}} }}}}}}}}}}}}}}}}} }} }}}}}}}}}}}.} }}}}}}}}}}}}}} .} }}}}}}.}}} }}..}}}}..#. }}}}}...# ..# # }.. #..}}}}}... }}}}.....# }}}}......# #......}}}}..#<.}}.}}}.}}...}}}} #.}}}}...^.}}}}}}.# #..}}}}}}}}}}}} #.}}}}}}}}..}}}}}}}} }}}}}...}}}}}}}}}}} }}}}}# }}}}}}}}}}}}}}}}.# .......}}}}}}..}}}}}}}}}.} }}}}}}}} }}}}}}}}}}}}}}}.}}}. #...} #}}}}}}}}}}}.. }}}}}}}}# .# }...}}}}}}}}}}}}}}...}} }..}}}}}}}}}}} # }}}}}}}}.# # ...}}}}}}}}}}}}}.}}}}}} }}}}}}}....}}}}}} }.}}}}}}}}}} # .}}}}}.# }}}}}}}}}} }}}}}}}}}}}}}. #..}} }}}}}}..}}}}} # }}....} }}}}}} }}}}.}..}}}}}} #.... }}}}}..#.}}}}`# I .}}}}}.. } }}} #.}...} # # }.}}}}}}} ...}}.. II }}..# }..}} }...}}}}} }}}}}}}# I. # }}}}} }}.#..}}}} }}}}}}} }} }}}} }.}}}}} }}}}}}}} }}}} }}}}}}} }}}}}}}}} CorruptionSegfaultFreeze the Rambler Experience level: 2 Strength: 13 Dexterity: 9 Constitution: 14 Intelligence: 16 Wisdom: 10 Charisma: 13 Health: 0(20) Energy: 9(9) Def: 0 Gold: 678 Moves: 109 Dungeon seed: EpDP2bEgXsdbFATh Game ID: CorruptionSegfaultFreeze_1498593065 Your Inventory: Coins $ - 678 gold pieces Weapons a - 47 uncursed +2 darts (in quiver) Armor e - an uncursed +0 Hawaiian shirt (being worn) Comestibles b - 2 uncursed fortune cookies c - 2 uncursed eggs d - 8 uncursed food rations f - an uncursed sprig of wolfsbane Scrolls h - 3 uncursed scrolls of magic mapping Wands l - an uncursed wand of secret door detection (0:15) Tools j - an uncursed expensive camera (0:38) k - an uncursed credit card m - an uncursed towel (being worn) Spells and supernatural/magical abilities: Name Level Category Fail Memory W - pray for help -- divine ? -- Your skills at the end: Miscellaneous Skills wands [Basic] stealth [Basic] Weapon Skills dart [Basic] Spellcasting Skills Final Attributes: You were devoutly aligned. You had infravision. You were very stealthy. You are dead. Vanquished creatures: a jitterbug Voluntary challenges: You went without food. You did not cause conflict. You were not invisible. You did not have reflection. You were not displaced. You were an atheist. You never hit with a wielded weapon. You did not use containers. You did not apply a unicorn horn. You did not use plumbed fixtures. You read items or engraved 1 time, starting on turn 73. You never genocided any monsters. You never polymorphed an object. You never changed form. You used no wishes. You never split a pudding. You never wrote Elbereth's name. You never violated your personal moral code. Dungeon overview: The Dungeons of Doom: levels 1 to 26 Level 1 a long staircase Level 2 Level 3 a long staircase Level 4 Level 5 Level 6 a fountain Level 7 Level 8 Level 9 a long staircase Level 10 Level 11 Level 12 Level 13 Level 14 Level 15 Level 16 Level 17 Level 18 Level 19 Level 20 Level 21 Level 22 Level 23 Level 24 Level 25 <- You were here many trees Level 26 History has recorded: On T:1 you entered the Dungeons of Doom to retrieve the Amulet of Yendor! On T:4 you reached level 2 of The Dungeons of Doom. On T:6 you reached level 3 of The Dungeons of Doom. On T:8 you reached level 4 of The Dungeons of Doom. On T:10 you reached level 5 of The Dungeons of Doom. On T:13 you reached level 6 of The Dungeons of Doom. On T:15 you reached level 7 of The Dungeons of Doom. On T:17 you reached level 8 of The Dungeons of Doom. On T:19 you reached level 9 of The Dungeons of Doom. On T:22 you reached level 10 of The Dungeons of Doom. On T:32 you advanced to experience level 2. On T:38 you reached level 11 of The Dungeons of Doom. On T:40 you reached level 12 of The Dungeons of Doom. On T:43 you reached level 13 of The Dungeons of Doom. On T:45 you reached level 14 of The Dungeons of Doom. On T:47 you reached level 15 of The Dungeons of Doom. On T:49 you reached level 16 of The Dungeons of Doom. On T:52 you reached level 17 of The Dungeons of Doom. On T:52 you entered the Rogue tribute level. On T:54 you reached level 18 of The Dungeons of Doom. On T:56 you reached level 19 of The Dungeons of Doom. On T:58 you reached level 20 of The Dungeons of Doom. On T:61 you reached level 21 of The Dungeons of Doom. On T:63 you reached level 22 of The Dungeons of Doom. On T:65 you reached level 23 of The Dungeons of Doom. On T:67 you reached level 24 of The Dungeons of Doom. On T:70 you reached level 25 of The Dungeons of Doom. On T:73 you reached level 26 of The Dungeons of Doom. Score breakdown: Gold: 0 ( 0 points) Experience: 2 levels ( 100 points) Exploration: 26 levels ( 750 points) Discoveries: 0 items ( 0 points) Variety of kills: 1 monster ( 50 points) Major goal: (nothing yet) ( 0 points) Survival: died (score multiplied by 3) Total score: 2700 Latest messages: You make an opening in the wall. You start chewing a hole in the rock. You continue digging. You make an opening in the wall. You are now wearing a towel around your head. You can't see any more. Something pecks! Something punches you! (2x) Something bites! You feel much better. Something pecks! You feel much better. Something pecks! Something punches you! (2x) Something bites! Something pecks! You die... Final status: Aloha CorruptionSegfaultFreeze the Tourist, killed by a raven... You died in The Dungeons of Doom on dungeon level 25 with 2700 points, and 678 pieces of gold, after 109 moves. You were level 2 with a maximum of 20 hit points when you died.